 Dungeon Crawl Stone Soup version 0.21-a0 (webtiles) character file.

2151 Nvm9 the Covered (level 9, 0/62 HPs)
             Began as a Demonspawn Fighter on May 19, 2017.
             Was a Follower of Lugonu.
             Succumbed to a soldier ant's poison
             ... on level 6 of the Dungeon.
             The game lasted 00:11:33 (5514 turns).

Nvm9 the Covered (Demonspawn Fighter)               Turns: 5514, Time: 00:11:34

Health: 0/62       AC: 13    Str: 20    XL:     9   Next: 10%
Magic:  6/9        EV: 12    Int: 10    God:    Lugonu [*.....]
Gold:   281        SH: 10    Dex: 17    Spells: 8/8 levels left

rFire    . . .     SeeInvis .   a - +1 war axe
rCold    . . .     Gourm    .   c - +0 shield
rNeg     . . .     Faith    .   b - +0 scale mail
rPois    .         Spirit   +   (no helmet)
rElec    .         Reflect  .   p - scarf {Spirit}
rCorr    .         Harm     .   (no gloves)
MR       +....                  o - +0 pair of boots
Stlth    +.........             n - amulet of regeneration
Regen    0.6/turn               r - ring of protection from magic
MPRegen  0.2/turn               (no ring)

@: agile, lethally poisoned (0 -> -10)
A: talons 1, iridescent scales 2, demonic guardian 1, frail 1, mutation
resistance 1, powered by pain 2
a: Depart the Abyss, Renounce Religion


You were on level 6 of the Dungeon.
You worshipped Lugonu.
Lugonu was aware of your devotion.
You were hungry.

You visited 2 branches of the dungeon, and saw 7 of its levels.

You collected 281 gold pieces.

Inventory:

Hand Weapons
 a - a +1 war axe (weapon)
 d - a +2 vampiric scythe
 q - a cursed -3 falchion
Armour
 b - a +0 scale mail (worn)
 c - a +0 shield (worn)
 o - a +0 pair of boots (worn)
 p - a scarf of spirit shield (worn)
 s - a +0 large shield
 t - the +1 scale mail "Ezal" {rC+ Int+7 Dex-3}
   (You found it on level 5 of the Dungeon)

   It affects your intelligence (+7).
   It affects your dexterity (-3).
   It protects you from cold.
 u - a +0 helmet
Jewellery
 n - an amulet of regeneration (around neck)
 r - a ring of protection from magic (left hand)
Wands
 m - a wand of disintegration (15/24)
 v - a wand of confusion (24/48)
 w - a wand of acid (12/15)
Scrolls
 f - a scroll of blinking
 i - 4 scrolls of fog
 j - 6 scrolls of teleportation
 l - 4 scrolls of identify
Potions
 e - 2 potions of lignification
 x - a potion of mutation
 z - a potion of brilliance
Comestibles
 h - 2 meat rations
 k - 5 bread rations
 A - a royal jelly


   Skills:
 + Level 5.9 Fighting
 + Level 5.0 Axes
 * Level 7.7 Armour
 + Level 5.6 Shields


You had 8 spell levels left.
You didn't know any spells.

Dungeon Overview and Level Annotations

Branches:
Dungeon (6/15)             Temple (1/1) D:6

Altars:
Cheibriados
Dithmenos
Elyvilon
Gozag
Kikubaaqudgha
Makhleb
Nemelex Xobeh
Okawaru
Qazlal
Ru
Trog
Uskayaw
Vehumet
Wu Jian
Xom
Zin
Lugonu

Shops:
D:6 (

Annotations:
D:6 1 runed door


Innate Abilities, Weirdness & Mutations

You have sharp toenails.
You are mostly covered in iridescent scales. (AC +4)
A weak demonic guardian rushes to your aid.
You sometimes gain power by taking damage.
You are frail. (-10% HP)
You are somewhat resistant to further mutation.


Message History

Your quasit closely misses the soldier ant.
Your quasit claws the soldier ant but does no damage.
The soldier ant stings your quasit.
You feel extremely strange. The antennae on your head shrink away.
You feel clumsy.
You feel clever.
You feel insulated.
Your vision sharpens.
* * * LOW HITPOINT WARNING * * *
You feel sick.
Your quasit bites the soldier ant but does no damage.
Your quasit claws the soldier ant but does no damage.
Your quasit closely misses the soldier ant.
The soldier ant stings your quasit!
Your quasit is poisoned.
The soldier ant poisons your quasit!
Your quasit bites the soldier ant.
Your quasit barely misses the soldier ant. x2
Okay, then.
You feel extremely strange.
You feel stupid.
You feel conductive.
Your vision seems duller.
You feel frail.
You feel genetically stable.
You die...

......# #.# #.# ......# #.#
#######'## ####### #.#
#........# ##########.#
#........# ...........#
#........#######
#################........#.....#
....)....†..sa5.#.....[........#
#######.#######.#........†.._..#
#.# #.@..............# #s#
##.####..........#
#######s########.## #......###.#
......sas......#..###..........#
.).....ss......#....#......#####
....#######s...#....###.####
....# #....#....# #.#
....+.s(.a'....#....# #.#
...5#bsass#....####.###.#


You could see a soldier ant and a friendly quasit.

Vanquished Creatures
  The ghost of ArtsTyrian the Sneak, a novice OpWn of Vehumet (D:6)
  Sigmund (D:2)
  A sky beast (D:5)
  2 centaurs
  3 scorpions
  A killer bee (D:6)
  3 wights (D:6)
  A howler monkey (D:4)
  2 crimson imps (D:6)
  A hound (D:6)
  2 orc priests
  A centaur skeleton (D:6)
  3 orc wizards
  2 iguanas
  3 worker ants
  A hound skeleton (D:4)
  A howler monkey zombie (D:5)
  A worker ant zombie (D:6)
  8 adders
  A shadow imp (D:5)
  2 adder zombies (D:5)
  5 worms
  2 dart slugs
  8 leopard geckos
  14 orcs
  3 ball pythons
  8 bats
  6 giant cockroaches
  12 goblins
  6 hobgoblins
  10 jackals
  4 kobolds
  2 quokkas (D:2)
  4 frilled lizards
  A leopard gecko skeleton (D:4)
  A quokka skeleton (D:4)
  5 rats
132 creatures vanquished.

Vanquished Creatures (collateral kills)
  Eustachio (D:5)
  2 ogres (D:4)
  An orc priest (D:4)
  2 orc wizards (D:4)
6 creatures vanquished.

Grand Total: 138 creatures vanquished

Notes
Turn   | Place    | Note
-------+----------+-------------------------------------------
     0 | D:1      | Nvm9 the Demonspawn Fighter began the quest for the Orb.
     0 | D:1      | Reached XP level 1. HP: 18/18 MP: 1/1
   158 | D:1      | Reached skill level 3 in Armour
   167 | D:1      | Gained mutation: You sometimes gain a little power by taking damage. [demonic ancestry]
   167 | D:1      | Reached XP level 2. HP: 21/24 MP: 2/2
   477 | D:1      | Reached XP level 3. HP: 25/29 MP: 3/3
  1149 | D:2      | Noticed Sigmund
  1162 | D:2      | Killed Sigmund
  1162 | D:2      | Reached skill level 4 in Armour
  1162 | D:2      | Gained mutation: A weak demonic guardian rushes to your aid. [demonic ancestry]
  1162 | D:2      | Reached XP level 4. HP: 14/37 MP: 2/4
  1162 | D:2      | Gained mutation: You are partially covered in iridescent scales. (AC +2) [demonic ancestry]
  1162 | D:2      | Reached XP level 5. HP: 16/42 MP: 2/5
  1377 | D:2      | Found an ornate altar of the Wu Jian Council.
  1396 | D:2      | Found a radiant altar of Vehumet.
  1399 | D:2      | Found an ancient bone altar of Kikubaaqudgha.
  1402 | D:2      | Found a shimmering altar of Xom.
  1621 | D:2      | Found a faded altar of an unknown god.
  1823 | D:2      | Found a sparkling altar of Nemelex Xobeh.
  2250 | D:3      | Gained mutation: You sometimes gain power by taking damage. [demonic ancestry]
  2250 | D:3      | Reached XP level 6. HP: 47/48 MP: 6/6
  2495 | D:3      | Found a white marble altar of Elyvilon.
  2645 | D:4      | Found a glowing silver altar of Zin.
  2827 | D:4      | Found a stormy altar of Qazlal.
  2876 | D:4      | Reached skill level 5 in Armour
  2978 | D:4      | Reached XP level 7. HP: 30/55 MP: 3/7
  3582 | D:5      | Entered Level 5 of the Dungeon
  3582 | D:5      | Found a shadowy altar of Dithmenos.
  4015 | D:5      | Noticed Eustachio
  4053 | D:5      | Killed Eustachio
  4053 | D:5      | Reached skill level 6 in Armour
  4172 | D:5      | Reached skill level 5 in Fighting
  4172 | D:5      | Gained mutation: You have sharp toenails. [demonic ancestry]
  4172 | D:5      | Reached XP level 8. HP: 58/62 MP: 8/8
  4315 | D:5      | Got a heavily runed scale mail
  4326 | D:5      | Identified the cursed +1 scale mail "Ezal" {rC+ Int+7 Dex-3} (You found it on level 5 of the Dungeon)
  4484 | D:5      | Found a hide-covered altar of Uskayaw.
  4598 | D:5      | Reached skill level 5 in Shields
  4720 | D:6      | Found a runed door.
  4740 | D:6      | Found a runed door.
  4933 | D:6      | Found a sacrificial altar of Ru.
  4939 | D:6      | Noticed ArtsTyrian's ghost (novice OpWn)
  4956 | D:6      | Killed ArtsTyrian's ghost
  4956 | D:6      | Reached skill level 7 in Armour
  5087 | D:6      | Found Qaepulia's Weapon Emporium.
  5164 | D:6      | Gained mutation: You are mostly covered in iridescent scales. (AC +4) [demonic ancestry]
  5164 | D:6      | Reached XP level 9. HP: 67/69 MP: 9/9
  5205 | D:6      | Found a staircase to the Ecumenical Temple.
  5218 | Temple   | Entered the Ecumenical Temple
  5233 | Temple   | Became a worshipper of Lugonu the Unformed
  5233 | Temple   | Reached * piety under Lugonu
  5333 | D:6      | Found a shimmering altar of Xom.
  5449 | D:6      | Gained mutation: You are frail. (-10% HP) [potion of mutation]
  5449 | D:6      | Lost mutation: You are frail. (-10% HP) [potion of mutation]
  5449 | D:6      | Gained mutation: You are agile. (Dex +2) [potion of mutation]
  5449 | D:6      | Gained mutation: You have a pair of small antennae on your head. [potion of mutation]
  5479 | D:6      | Reached skill level 5 in Axes
  5512 | D:6      | HP: 3/69 [poisoned by a soldier ant]
  5513 | D:6      | Lost mutation: You have a pair of small antennae on your head. [potion of mutation]
  5513 | D:6      | Lost mutation: You are agile. (Dex +2) [potion of mutation]
  5513 | D:6      | Gained mutation: Your mind is acute. (Int +2) [potion of mutation]
  5513 | D:6      | Gained mutation: You are resistant to electric shocks. (rElec) [potion of mutation]
  5513 | D:6      | Gained mutation: You have supernaturally acute eyesight. (SInv) [potion of mutation]
  5513 | D:6      | HP: 1/69 [poisoned by a soldier ant]
  5514 | D:6      | Lost mutation: Your mind is acute. (Int +2) [potion of mutation]
  5514 | D:6      | Lost mutation: You are resistant to electric shocks. (rElec) [potion of mutation]
  5514 | D:6      | Lost mutation: You have supernaturally acute eyesight. (SInv) [potion of mutation]
  5514 | D:6      | Gained mutation: You are frail. (-10% HP) [potion of mutation]
  5514 | D:6      | Gained mutation: You are somewhat resistant to further mutation. [potion of mutation]
  5514 | D:6      | Succumbed to a soldier ant's poison

Vault maps used:
D:1:      grunt_arrival_lava_bath, minmay_ruptured
D:2:      marbit_many_paths, grunt_temple_overflow_cloverleaf,
          chequers_ecumenical_altar_island, uniq_sigmund
D:3:      elyvilon_altar_4
D:4:      nicolae_overflow_crystal_walls, nicolae_qazlal_general_emergency,
          first_bread, due_unseen_surprise
D:5:      lemuel_doored_altar, grunt_dithmenos_smoke_and_mirrors, uniq_eustachio
D:6:      lemuel_insect_pit, nicolae_ru_great_annihilating_truth,
          minmay_temple_entry_glassed_door, serial_shops, kennysheep_mini_moat,
          basic_altar
Temple:   corrupted_temple

Skill      XL: |  1  2  3  4  5  6  7  8  9 |
---------------+----------------------------+-----
Armour         | 3 4 5 6 7 |  7.7
Shields        | 3 4 5 |  5.6
Axes           | 2 3 4 5 |  5.0
Fighting       | 4 5 |  5.9

Action                   |  1- 3 |  4- 6 |  7- 9 || total
-------------------------+-------+-------+-------++-------
Melee: War axe           |   125 |   187 |   266 ||   578
Evoke: Wand              |       |       |     3 ||     3
  Use: Potion            |     1 |     6 |     5 ||    12
       Scroll            |       |     6 |     4 ||    10
 Stab: Paralysed         |       |       |     1 ||     1
  Eat: Bread ration      |       |     1 |       ||     1
       Chunk             |       |     3 |     3 ||     6
       Meat ration       |       |       |     1 ||     1
Armor: Scale mail        |    73 |   110 |   185 ||   368
Dodge: Dodged            |    24 |    57 |    92 ||   173
Block: Shield            |    65 |   105 |   172 ||   342
